 Dungeon Crawl Stone Soup version 0.31.0-9-g3a7656b989 (webtiles) character file.

Game seed: 7405583678991728989

25 Peloso the Shield-Bearer (level 2, -1/27 HPs)
             Began as a Minotaur Fighter on Jan 27, 2024.
             Slain by a goblin
             ... wielding a +2 dagger of electrocution
              (12 damage)
             ... on level 1 of the Dungeon.
             The game lasted 00:00:56 (249 turns).

Peloso the Shield-Bearer (Minotaur Fighter)          Turns: 249, Time: 00:00:57

Health: -1/27      AC:  7    Str: 20    XL:     2   Next: 86%
Magic:  1/1        EV:  9    Int:  5    God:
Gold:   30         SH:  4    Dex:  9    Spells: 1/1 levels left

rFire   . . .        a - +0 long sword
rCold   . . .        c - +0 buckler
rNeg    . . .        b - +0 scale mail
rPois   .            (helmet restricted)
rElec   .            (no cloak)
rCorr   .            (no gloves)
SInv    .            (no boots)
Will    .....        (no amulet) Stlth
                     (no ring)
HPRegen 0.24/turn    (no ring)
MPRegen 0.07/turn

%: no passive effects
@: no status effects
A: horns 2, retaliatory headbutt
a: no special abilities


You were on level 1 of the Dungeon.
You visited 1 branch of the dungeon, and saw 1 of its levels.

You collected 30 gold pieces.

Inventory:

Hand Weapons
 a - a +0 long sword (weapon)
Armour
 b - a +0 scale mail (worn)
 c - a +0 buckler (worn)
Scrolls
 e - a scroll of butterflies {unknown}
 f - a scroll of noise {unknown}
 g - 2 scrolls of teleportation {unknown}
 h - a scroll of silence {unknown}
 i - a scroll of identify {unknown}
Potions
 d - a potion of might


   Skills:
 + Level 4.0 Fighting
 + Level 2.6 Long Blades
 + Level 3.9 Armour
 + Level 0.6 Dodging
 + Level 4.2 Shields


You had one spell level left.
You didn't know any spells.
Your spell library was empty.

Dungeon Overview and Level Annotations

Branches:
Dungeon (1/15)

Altars:

Shops:
D:1 =


Innate Abilities, Weirdness & Mutations

You have a pair of horns on your head.
You reflexively headbutt those who attack you in melee.


Message History

A ball python comes into view.
The ball python hisses angrily.
A ball python is nearby!
A ball python is nearby!
A ball python is nearby!
A goblin comes into view.
It is wielding a +2 dagger of electrocution.
There are monsters nearby!
Found 5 stones.
You barely miss the ball python.
A bat comes into view.
The ball python closely misses you. The ball python grabs you.
The ball python constricts you.
The ball python bites you but does no damage.
The ball python constricts you.
You escape the ball python's grasp.
You closely miss the ball python. Your headbutt misses the ball python.
You block the ball python's attack. The ball python grabs you.
The ball python constricts you. The bat hits you but does no damage.
The goblin hits you but does no damage.
The ball python bites you but does no damage.
The ball python constricts you.
You closely miss the ball python. The bat hits you but does no damage. x2
The goblin hits you but does no damage.
The ball python bites you but does no damage.
The ball python constricts you. The goblin barely misses you.
The ball python barely misses you. You furiously retaliate!
You headbutt the ball python. The ball python constricts you.
You closely miss the ball python.
The ball python is moderately wounded.
The bat barely misses you. You furiously retaliate!
You headbutt the bat!
You kill the bat!
The ball python bites you. The ball python constricts you.
The goblin closely misses you.
You slash the ball python!
You kill the ball python!
The goblin hits you but does no damage.
You are electrocuted!
Unknown command.
The goblin hits you with a +2 dagger of electrocution.
You are electrocuted!
You die...

#..................#
#....#....)(.......#####
#................##...
#.#.###.#..........##...
....###.#..........##...
##....................
##.#..##....######...#...
#.....##....# ###.....
.#.....@...# ###...
....##.g.##.##########...
.. ......# ..............
.......## ......#####..#
..(#...## ##.###...###.##
....... ...#.###.#.......
#.....####
........##...... #....#
##.....#..#.##... ###....
#................


You could see a goblin.

Vanquished Creatures
  A dart slug (D:1)
  3 bats (D:1)
  4 endoplasms (D:1)
  A giant cockroach (D:1)
  2 goblins (D:1)
  A hobgoblin (D:1)
  2 jackals (D:1)
  3 ball pythons (D:1)
  A kobold (D:1)
  3 rats (D:1)
21 creatures vanquished.

Notes
Turn   | Place    | Note
-------+----------+-------------------------------------------
     0 | D:1      | Peloso the Minotaur Fighter began the quest for the Orb.
     0 | D:1      | Reached XP level 1. HP: 19/19 MP: 0/0
    91 | D:1      | Reached XP level 2. HP: 27/27 MP: 1/1
   113 | D:1      | Found Zohuexec's Jewellery Emporium.
   249 | D:1      | Slain by a goblin

Illustrated notes

Levels and vault maps discovered:
D:1:      dpeg_arrival_houses_and_road, layout_rooms, serial_shops, shop

Skill      XL: |  1  2 |
---------------+-------+-----
Shields        | 4 |  4.2
Fighting       | 4 |  4.0
Long Blades    | |  2.6
Armour         | |  3.9
Dodging        | |  0.6

Action                     || total
---------------------------++-------
  Melee: Long sword        ||    42
         Headbutt          ||     2
    Use: Potion            ||     1
 Armour: Scale mail        ||    49
  Dodge: Dodged            ||    30
  Block: Buckler           ||    14
